 Dungeon Crawl Stone Soup version 0.28.0-45-g0d030f2227 (webtiles) character file.

Game seed: 3350117595747557326

26 NinjaNoafa the Firebug (level 3, 0/27 HPs)
             Began as a Hill Orc Fire Elementalist on Apr 4, 2022.
             Was a Follower of Elyvilon.
             Hit by a stone thrown by a kobold (1 damage)
             ... on level 1 of the Dungeon.
             The game lasted 00:03:48 (1430 turns).

NinjaNoafa the Firebug (Hill Orc Fire Elementalist) Turns: 1430, Time: 00:03:48

Health: 0/27       AC:  2    Str: 10    XL:     3   Next: 8%
Magic:  1/5        EV: 12    Int: 17    God:    Elyvilon [*.....]
Gold:   32         SH:  0    Dex: 11    Spells: 4/5 levels left

rFire   . . .      SeeInvis .   h - +0 mace (protect)
rCold   . . .      Faith    .   (no shield)
rNeg    . . .      Spirit   .   a - +0 robe
rPois   .          Reflect  .   (no helmet)
rElec   .          Harm     .   (no cloak)
rCorr   .          Rampage  .   (no gloves)
Will    .....                   (no boots)
Stlth   ++........              (no amulet)
HPRegen 0.09/turn               (no ring)
MPRegen 0.09/turn               (no ring)

@: very slightly contaminated
A: no striking features
a: Renounce Religion, Purification


You were on level 1 of the Dungeon.
You worshipped Elyvilon.
Elyvilon was aware of your devotion.
You visited 1 branch of the dungeon, and saw 1 of its levels.

You collected 32 gold pieces.

Inventory:

Hand Weapons
 c - a +0 short sword
 h - a +0 mace of protection (weapon)
Missiles
 e - 44 stones (quivered)
Armour
 a - a +0 robe (worn)
Scrolls
 b - a scroll of brand weapon {unknown}
 d - a scroll of identify {unknown}
 f - a scroll of enchant weapon {unknown}
 g - 3 scrolls of enchant armour {unknown}


   Skills:
 + Level 0.5 Fighting
 + Level 1.8 Dodging
 + Level 1.8 Stealth
 + Level 1.7 Spellcasting
 + Level 1.4 Conjurations
 * Level 3.6 Fire Magic
 + Level 0.5 Invocations


You had 4 spell levels left.
You knew the following spells:

 Your Spells              Type           Power      Damage    Failure   Level
a - Foxfire               Conj/Fire      40%        2x1d6     7%          1

Your spell library contained the following spells:

 Spells                   Type           Power      Damage    Failure   Level
 Scorch                   Fire           26%        2d6       7%          2
 Sting                    Tmut/Pois      4%         1d3       21%         1
 Conjure Flame            Conj/Fire      10%        6-21      22%         3
 Inner Flame              Hex/Fire       7%         N/A       28%         3
 Poisonous Vapours        Pois/Air       2%         N/A       30%         2
 Flame Wave               Conj/Fire      10%        2d5       56%         4
 Olgreb's Toxic Radiance  Pois           1%         N/A       89%         4


Dungeon Overview and Level Annotations

Branches:
Dungeon (1/15)

Altars:
Elyvilon


Message History

The endoplasm is severely wounded.
The endoplasm hits you but does no damage.
The rat bites you but does no damage. The rat bites you.
Casting: Foxfire (safe; 7% risk of failure)
Confirm with . or Enter, or press ? or * to list all spells.
You miscast Foxfire.
You are very lightly contaminated with residual magic.
Nothing appears to happen.
The endoplasm freezes you.
You are frozen.
* * * LOW HITPOINT WARNING * * *
The rat misses you. The rat bites you but does no damage.
Casting: Foxfire (safe; 7% risk of failure)
Confirm with . or Enter, or press ? or * to list all spells.
You miscast Foxfire.
Nothing appears to happen.
The endoplasm completely misses you. The rat bites you but does no damage.
The rat misses you.
Casting: Foxfire (safe; 7% risk of failure)
Confirm with . or Enter, or press ? or * to list all spells.
You conjure some foxfire!
The endoplasm hits you.
* * * LOW HITPOINT WARNING * * *
The rat bites you.
* * * LOW HITPOINT WARNING * * *
Your foxfire dissipates!
The foxfire hits the endoplasm.
The endoplasm is almost dead.
Casting: Foxfire (safe; 7% risk of failure)
Confirm with . or Enter, or press ? or * to list all spells.
You conjure some foxfire!
The endoplasm freezes you.
You are frozen.
* * * LOW HITPOINT WARNING * * *
The kobold hits you with a +0 short sword.
* * * LOW HITPOINT WARNING * * *
Your foxfire dissipates!
The foxfire hits the endoplasm.
You kill the endoplasm!
The kobold throws a stone.
The stone barely misses you.
The kobold throws a stone.
The stone hits you.
You die...

......#.......#...##..#≈≈≈≈≈≈.≈..
..............#...........≈_.≈...
..............##'# #.#≈≈≈†≈≈.≈..
.......†..#......# #.#..≈.≈≈≈.≈.
#.#.......#......# #..#.≈≈...≈.≈
#.#.......#..Krr.## #...#≈.....≈.
. #..#.........K..# #....#.....#.
#...............#.#.....#####.#
...............@..>#..........†#
.#!#..........#'##........####.#
#.######.....#...........##....
....####...........##.#.# #...
............##.#.. '..
............##.#.#
.............##.#.#
..###........##.#.#
.............##.#.#


You could see 2 kobolds and 2 rats.

Vanquished Creatures
  2 dart slugs (D:1)
  An endoplasm (D:1)
  2 giant cockroaches (D:1)
  A goblin (D:1)
  3 hobgoblins (D:1)
  A quokka (D:1)
  3 ball pythons (D:1)
  2 bats (D:1)
  2 frilled lizards (D:1)
  3 kobolds (D:1)
  3 rats (D:1)
23 creatures vanquished.

Vanquished Creatures (others)
  17 foxfires (D:1)
17 creatures vanquished.

Grand Total: 40 creatures vanquished

Notes
Turn   | Place    | Note
-------+----------+-------------------------------------------
     0 | D:1      | NinjaNoafa the Hill Orc Fire Elementalist began the quest
                  | for the Orb.
     0 | D:1      | Reached XP level 1. HP: 14/14 MP: 3/3
   311 | D:1      | Found a faded altar of an unknown god.
   320 | D:1      | Prayed at the altar of an unknown god.
   320 | D:1      | Became a worshipper of Elyvilon the Healer
   320 | D:1      | Reached * piety under Elyvilon
   348 | D:1      | Reached XP level 2. HP: 5/20 MP: 1/4
  1417 | D:1      | Reached XP level 3. HP: 16/27 MP: 5/5
  1425 | D:1      | HP: 1/27 [kobold/+0 short sword (2)]
  1430 | D:1      | Hit by a stone thrown by a kobold

Illustrated notes

Levels and vault maps discovered:
D:1:      dpeg_arrival_solitude, layout_basic,
          shapermc_ecumenical_altar_starsandcircs, roderic_serpentine_path,
          minmay_tromino_v4_c

Action                   || total
-------------------------++-------
Melee: Short sword       ||    64
       Unarmed           ||     7
       Mace              ||     3
Throw: Stone             ||     7
 Cast: Foxfire           ||    11
 Stab: Sleeping          ||     1
Armor: Robe              ||    29
Dodge: Dodged            ||    87
